 Dungeon Crawl Stone Soup version 0.30-a0-613-gdd512c7efb (webtiles) character file.

Game seed: 9405641563636357933

458 pokeman the Magician (level 6, -2/34 HPs)
             Began as a Deep Elf Hedge Wizard on Jan 8, 2023.
             Shot with an arrow by a centaur (8 damage)
             ... on level 5 of the Dungeon.
             The game lasted 00:06:42 (4715 turns).

pokeman the Magician (Deep Elf Hedge Wizard)        Turns: 4715, Time: 00:06:43

Health: -2/34      AC:  5    Str:  7    XL:     6   Next: 77%
Magic:  15/18      EV: 13    Int: 21    God:
Gold:   220        SH:  0    Dex: 14    Spells: 11/19 levels left

rFire   + + .      SeeInvis .    x - +0 club (spect)
rCold   . . .      Faith    .    (no shield)
rNeg    . . .      Spirit   .    y - +1 robe {rF+}
rPois   .          Reflect  .    p - +0 helmet
rElec   .          Harm     .    (no cloak)
rCorr   .          Rampage  .    k - +0 pair of gloves
Will    .....                    (no boots)
Stlth   ++                       (no amulet)
HPRegen 0.25/turn                q - ring of protection from fire
MPRegen 0.16/turn                s - ring of wizardry

@: no status effects
A: no striking features
a: no special abilities


You were on level 5 of the Dungeon.
You visited 1 branch of the dungeon, and saw 5 of its levels.

You collected 220 gold pieces.

Inventory:

Hand Weapons
 x - a +0 spectral club (weapon)
Armour
 k - a +0 pair of gloves (worn)
 m - a +0 buckler
 p - a +0 helmet (worn)
 y - a +1 robe of fire resistance (worn)
Jewellery
 q - a ring of protection from fire (left hand)
 s - a ring of wizardry (right hand)
Wands
 w - a wand of roots (14)
Scrolls
 e - 2 scrolls of noise {unknown}
 f - 2 scrolls of enchant armour {unknown}
 h - 2 scrolls of immolation {unknown}
 i - 3 scrolls of identify {unknown}
 j - a scroll of magic mapping {unknown}
 l - 3 scrolls of teleportation {unknown}
 u - a scroll of enchant weapon {unknown}
 v - a scroll of poison {unknown}
Potions
 a - a potion of flight {unknown}
 c - 2 potions of ambrosia {unknown}
 d - 2 potions of magic
 g - 2 potions of curing {unknown}
 n - 2 potions of heal wounds
 o - a potion of mutation {unknown}
 r - a potion of resistance {unknown}
 t - 2 potions of invisibility {unknown}


   Skills:
 + Level 1.0 Fighting
 - Level 1.0 Armour
 - Level 3.0 Dodging
 - Level 3.1 Stealth
 - Level 1.0 Shields
 * Level 7.4 Spellcasting
 + Level 3.4 Conjurations
 - Level 1.1 Summonings
 - Level 1.1 Translocations
 + Level 0.6 Air Magic
 - Level 2.0 Poison Magic
 - Level 1.0 Evocations


You had 11 spell levels left.
You knew the following spells:

 Your Spells              Type           Power      Damage    Failure   Level
a - Magic Dart            Conj           88%        1d7       1%          1
b - Mephitic Cloud        Conj/Pois/Air  16%        N/A       4%          3
c - Call Imp              Summ           12%        N/A       3%          2
d - Blink                 Tloc           24%        N/A       3%          2

Your spell library contained the following spells:

 Spells                   Type           Power      Damage    Failure   Level
 Slow                     Hex            28%        N/A       3%          1
 Cigotuvi's Dreadful Rot  Necr/Pois/Air  22%        N/A       3%          2
 Dazzling Flash           Conj/Hex       28%        N/A       5%          3
 Portal Projectile        Hex/Tloc       20%        N/A       9%          3
 Tukima's Dance           Hex            7%         N/A       11%         3
 Iskenderun's Mystic Bla  Conj/Tloc      17%        2d5       13%         4
 Manifold Assault         Tloc           12%        N/A       21%         4
 Blade Hands              Tmut           3%         N/A       65%         5
 Starburst                Conj/Fire      7%         6d4       92%         6
 Dispersal                Tloc           6%         N/A       96%         6
 Disjunction              Tloc           6%         N/A       100%        8


Dungeon Overview and Level Annotations

Branches:
Dungeon (5/15)
 Temple: D:4-7

Altars:
Ashenzari
Elyvilon
Fedhas
Kikubaaqudgha
Trog

Annotations:
D:4 3 runed translucent doors, OTABOTABOTAB's ghost, amateur OpTm


Message History

Unknown command.
You hit the orc wizard.
The orc wizard is moderately wounded.
Your +0 spectral club hits the orc wizard.
The orc hits the orc wizard with a +0 club.
The orc completely misses itself.
An arrow appears from out of your range of vision.
The arrow barely misses your +0 spectral club.
Unknown command.
You hit the orc wizard but do no damage.
The orc wizard is heavily wounded.
Your +0 spectral club hits the orc wizard.
An arrow appears from out of your range of vision.
The arrow barely misses your +0 spectral club.
The orc wizard is engulfed in noxious fumes.
The orc wizard barely misses you.
The orc wizard hits itself with a +0 dagger.
A centaur comes into view. It is wielding a +0 shortbow.
You catch the helpless orc wizard completely off-guard!
You hit the orc wizard.
You kill the orc wizard!
The centaur shoots an arrow.
The arrow barely misses you.
The orc hits the orc with a +0 club.
You hear some strange, mumbled words.
You are confused.
The orc throws a boomerang.
The boomerang closely misses you.
The centaur shoots an arrow.
The arrow completely misses you. The orc barely misses you.
The orc closely misses something.
Unknown command.
The centaur shoots an arrow.
The arrow misses you.
The centaur shoots an arrow.
The arrow completely misses you.
The centaur shoots an arrow.
The arrow hits you!
The centaur shoots an arrow.
The arrow hits you!
* * * LOW HITPOINT WARNING * * *
The orc throws a boomerang.
The boomerang hits you.
* * * LOW HITPOINT WARNING * * *
You're too confused to cast spells.
You feel less confused.
The centaur shoots an arrow.
The arrow hits you!
You die...

..##.........####......###
....#############..........
....# #.....#......#..#
....# #.>......#..# ....#
####..†...# .# ....#
####...#...### # ....#
#......(.....# ....#
#............#. #####
#.....@........
#..............
#.............#
#...oo.#......#
#.....o...#..##
#...).#......#
..c.....###..#...
........## .....# .........
.....#


You could see a centaur and 3 orcs.

Vanquished Creatures
  A scorpion (D:4)
  A howler monkey (D:4)
  An orc priest (D:5)
  A hound (D:5)
  2 iguanas
  3 orc wizards (D:5)
  Robin (D:3)
  A gnoll (D:1)
  5 adders
  A dart slug (D:1)
  6 orcs
  8 ball pythons
  4 endoplasms
  5 giant cockroaches
  5 hobgoblins
  4 jackals (D:4)
  4 quokkas
  2 bats
  3 frilled lizards (D:1)
  13 goblins
  7 kobolds
  5 rats
83 creatures vanquished.

Vanquished Creatures (collateral kills)
  Ijyb (D:3)
1 creature vanquished.

Grand Total: 84 creatures vanquished

Notes
Turn   | Place    | Note
-------+----------+-------------------------------------------
     0 | D:1      | pokeman the Deep Elf Hedge Wizard began the quest for the
                  | Orb.
     0 | D:1      | Reached XP level 1. HP: 10/10 MP: 7/7
   326 | D:1      | Reached XP level 2. HP: 16/16 MP: 0/9
   546 | D:1      | Reached skill level 5 in Spellcasting
   774 | D:1      | Reached XP level 3. HP: 20/20 MP: 7/11
   778 | D:1      | Learned a level 3 spell: Mephitic Cloud
   781 | D:1      | Learned a level 2 spell: Call Imp
   784 | D:1      | Learned a level 2 spell: Blink
  1293 | D:2      | Reached skill level 1 in Fighting
  1374 | D:2      | Reached skill level 1 in Armour
  1538 | D:2      | Reached XP level 4. HP: 25/25 MP: 6/13
  1776 | D:2      | Found an ancient bone altar of Kikubaaqudgha.
  2294 | D:3      | Noticed Robin
  2305 | D:3      | Killed Robin
  2516 | D:3      | Found a white marble altar of Elyvilon.
  2870 | D:3      | Noticed Ijyb
  2895 | D:3      | Killed Ijyb
  2896 | D:3      | Reached skill level 6 in Spellcasting
  2896 | D:3      | Reached XP level 5. HP: 18/29 MP: 5/15
  3424 | D:4      | Found a blossoming altar of Fedhas.
  3481 | D:4      | Found a runed translucent gate.
  3482 | D:4      | Found a runed translucent gate.
  3483 | D:4      | Found a runed translucent gate.
  3706 | D:4      | Found a bloodstained altar of Trog.
  3716 | D:4      | Found a broken altar of Ashenzari.
  3880 | D:4      | Noticed OTABOTABOTAB's ghost (amateur OpTm)
  3970 | D:4      | Reached skill level 1 in Shields
  3970 | D:4      | Reached skill level 1 in Poison Magic
  3970 | D:4      | Reached XP level 6. HP: 34/34 MP: 10/17
  4404 | D:5      | Entered Level 5 of the Dungeon
  4432 | D:5      | Reached skill level 7 in Spellcasting
  4586 | D:5      | Reached skill level 1 in Evocations
  4715 | D:5      | Shot with an arrow by a centaur

Illustrated notes

Levels and vault maps discovered:
D:1:      dpeg_arrival_orchard, layout_loops_ring
D:2:      layout_basic, basic_altar, nrook_loot_triangle, grunt_ministairs_15
D:3:      layout_loops_ring, mainiacjoe_overflow_cross_hatched, kennysheep_nub,
          uniq_ijyb, uniq_robin
D:4:      layout_cave_pods, cheibrodos_ashenzari_chains, old_standard_altar,
          lemuel_doored_altar, gammafunk_ghost_icy, st_stairs_1,
          minmay_liquid_box, minmay_crystal_room
D:5:      layout_rooms, grunt_gozag_breadcrumbs, serial_corexii_hall,
          corexii_hall_statues_deadend, corexii_hall_statues_deadend

Skill      XL: |  1  2  3  4  5  6 |
---------------+-------------------+-----
Spellcasting   | 5 6 7 |  7.4
Fighting       | 1 |  1.0
Conjurations   | 2 3 |  3.4
Armour         | 1 |  1.0
Dodging        | 3 |  3.0
Stealth        | 3 |  3.1
Shields        | 1 |  1.0
Poison Magic   | 1 2 |  2.0
Evocations     | 1 |  1.0
Summonings     | |  1.1
Translocations | |  1.1
Air Magic      | |  0.6

Action                   |  1- 3 |  4- 6 || total
-------------------------+-------+-------++-------
Melee: Whip              |       |    18 ||    18
       Punch             |       |     2 ||     2
       Club              |       |    20 ||    20
 Cast: Magic Dart        |    83 |   123 ||   206
       Mephitic Cloud    |       |     7 ||     7
       Call Imp          |       |     1 ||     1
 Stab: Confused          |       |     5 ||     5
Armor: Robe              |     1 |    12 ||    13
Dodge: Dodged            |     2 |    22 ||    24

Table legend: (Time is in decaauts)
 A = Elapsed time spent in this place.
 B = Non-inter-level travel time spent in this place.
 C = Inter-level travel time spent in this place.
 D = Time resting spent in this place.
 E = Time spent auto-exploring this place.
 F = Levels seen in this place.
 G = Mean time per level.
                   A        B        C        D        E       F      G
               +--------+--------+--------+--------+--------+-----+--------+
         Total |   4720 |   4608 |    112 |     17 |   4031 |   5 |  944.0 |
       Dungeon |   4720 |   4608 |    112 |     17 |   4031 |   5 |  944.0 |
               +--------+--------+--------+--------+--------+-----+--------+

Top non-repeatable levels by time:
     D:4: 1138 daAuts
     D:1: 1112 daAuts
     D:3: 1088 daAuts
     D:2: 1065 daAuts
     D:5: 315 daAuts
